 Dungeon Crawl Stone Soup version 0.28-a0-1629-gf728b707aa (webtiles) character file.

Game seed: 4651740175465349592

851 fragbeetle the Chiller (level 8, -4/58 HPs)
             Began as a Merfolk Ice Elementalist on Jan 25, 2022.
             Slain by a sky beast (6 damage)
             ... on level 4 of the Dungeon.
             The game lasted 00:07:04 (3356 turns).

fragbeetle the Chiller (Merfolk Ice Elementalist)   Turns: 3356, Time: 00:07:06

Health: -4/58      AC:  4    Str:  5 (8)  XL:     8   Next: 1%
Magic:  7/12       EV: 14    Int: 12 (14) God:
Gold:   93         SH:  0    Dex: 14 (17) Spells: 6/13 levels left

rFire   . . .      SeeInvis .   h - +3 spear
rCold   . . .      Faith    .   (no shield)
rNeg    . . .      Spirit   .   f - +2 robe {Archmagi}
rPois   .          Reflect  .   (no helmet)
rElec   .          Harm     .   (no cloak)
rCorr   .          Rampage  .   (no gloves)
Will    +....      Archmagi +   (no boots)
Stlth   +++.......              (no amulet)
HPRegen 0.19/turn               j - ring of willpower
MPRegen 0.13/turn               (no ring)

@: attractive
A: (nimble swimmer 2), mertail
a: no special abilities


You were on level 4 of the Dungeon.
You visited 1 branch of the dungeon, and saw 4 of its levels.

You collected 93 gold pieces.

Inventory:

Hand Weapons
 d - a +0 trident
 h - a +3 spear (weapon)
Missiles
 o - 4 boomerangs
Armour
 f - a +2 robe of the Archmagi (worn)
Jewellery
 j - a ring of willpower (left hand)
Scrolls
 b - a scroll of fog {unknown}
 c - 2 scrolls of identify {unknown}
 g - a scroll of immolation {unknown}
 i - a scroll of blinking {unknown}
 m - 2 scrolls of teleportation {unknown}
Potions
 e - a potion of degeneration
 n - a potion of resistance {unknown}


   Skills:
 + Level 3.2 Fighting
 * Level 5.8 Polearms
 + Level 5.0 Dodging
 + Level 4.5 Stealth
 - Level 3.0 Spellcasting
 * Level 6.5 Ice Magic


You had 6 spell levels left.
You knew the following spells:

 Your Spells              Type           Power      Damage    Failure   Level
a - Freeze                Ice            100%       1d11      1%          1
b - Frozen Ramparts       Ice            52%        1d7       4%          3
c - Ozocubu's Armour      Ice            26%        N/A       4%          3

Your spell library contained the following spells:

 Spells                   Type           Power      Damage    Failure   Level
 Magic Dart               Conj           8%         1d3       24%         1
 Call Imp                 Summ           2%         N/A       36%         2
 Hailstorm                Conj/Ice       14%        3d5       54%         4
 Mephitic Cloud           Conj/Pois/Air  2%         N/A       58%         3


Dungeon Overview and Level Annotations

Branches:
Dungeon (4/15)
 Temple: D:4-7

Altars:

Shops:
D:2 =

Annotations:
D:3 Grinder


Innate Abilities, Weirdness & Mutations

((You are very nimble when in or above water. (Stealth+, EV+, Speed+++)))
Your lower body shifts to a powerful aquatic tail in water.


Message History

Casting: Frozen Ramparts (dangerous; 4% risk of failure)
Press: ? - help, Dir - look around, f - activate The walls around you are covered in ice.
You feel yourself speed up.
The wall freezes something.
A sky beast appears from thin air!
Reactivating autopickup.
The sky beast hits you but does no damage.
You are too injured to fight recklessly!
You are too injured to fight recklessly!
You closely miss the sky beast.
The sky beast is moderately wounded.
The wall freezes the sky beast.
The sky beast hits you but does no damage.
You barely miss the sky beast.
The sky beast is moderately wounded.
The wall freezes the sky beast.
The sky beast hits you but does no damage.
You hit the sky beast but do no damage.
The sky beast is heavily wounded.
The wall freezes the sky beast.
The sky beast hits you but does no damage.
You barely miss the sky beast.
The sky beast is heavily wounded.
The wall freezes the sky beast.
The sky beast flickers out of sight!
Deactivating autopickup; reactivate with Ctrl-A.
Something hits you but does no damage.
You closely miss something. You barely miss something.
The wall freezes something.
Something hits you.
* * * LOW HITPOINT WARNING * * *
Something shocks you.
* * * LOW HITPOINT WARNING * * *
You hit something but do no damage.
The frozen ramparts melt away.
Something hits you but does no damage.
You barely miss something.
You feel less wooden.
Your +2 robe of the Archmagi unmelds from your body.
You feel powerful. Something hits you.
* * * LOW HITPOINT WARNING * * *
Something shocks you.
You die...

. .. ###.[. ########
####....r
.......############).†)###
................@{)).[...#
######......######†.!#.#..#
............# #.#.# .#
............# #.#.# ..
............# #.#.. #.
...)..)#).### #.##.. #
...####...# ### #.8 ##.#
#...# .h. ...# #...## ....


There were no monsters in sight!

Vanquished Creatures
  Sigmund (D:3)
  A steam dragon (D:4)
  2 ogres (D:4)
  A kobold brigand (D:4)
  A scorpion (D:4)
  A hound (D:4)
  An orc priest (D:4)
  An iguana (D:4)
  Jessica (D:2)
  2 orc wizards (D:4)
  2 adders
  A gnoll (D:1)
  2 adder skeletons (D:4)
  A worm (D:3)
  7 orcs (D:4)
  10 endoplasms
  A giant cockroach (D:2)
  3 hobgoblins
  11 jackals
  3 quokkas
  2 ball pythons (D:1)
  4 bats
  A frilled lizard (D:3)
  3 goblins
  2 kobolds
  A quokka skeleton (D:4)
  2 rats (D:1)
68 creatures vanquished.

Vanquished Creatures (others)
  2 demonic plants (D:3)
  A plant (D:3)
  A withered plant (D:3)
4 creatures vanquished.

Grand Total: 72 creatures vanquished

Notes
Turn   | Place    | Note
-------+----------+-------------------------------------------
     0 | D:1      | fragbeetle the Merfolk Ice Elementalist began the quest for
                  | the Orb.
     0 | D:1      | Reached XP level 1. HP: 13/13 MP: 3/3
   276 | D:1      | Reached XP level 2. HP: 18/20 MP: 0/5
   907 | D:2      | Found Ymmas's Jewellery Boutique.
  1142 | D:2      | Noticed Jessica
  1153 | D:2      | Killed Jessica
  1154 | D:2      | Reached skill level 1 in Fighting
  1154 | D:2      | Reached skill level 1 in Polearms
  1154 | D:2      | Reached XP level 3. HP: 26/26 MP: 3/6
  1264 | D:2      | Learned a level 3 spell: Frozen Ramparts
  1358 | D:2      | Reached skill level 5 in Ice Magic
  1676 | D:3      | Reached XP level 4. HP: 28/32 MP: 2/7
  1835 | D:3      | Noticed Sigmund
  1863 | D:3      | Killed Sigmund
  1864 | D:3      | Reached XP level 5. HP: 29/38 MP: 2/8
  1864 | D:3      | Reached XP level 6. HP: 33/44 MP: 2/9
  2307 | D:3      | Learned a level 3 spell: Ozocubu's Armour
  2332 | D:3      | Found a faded altar of an unknown god.
  2460 | D:3      | Noticed Grinder
  2741 | D:4      | Reached skill level 6 in Ice Magic
  2741 | D:4      | Reached XP level 7. HP: 22/51 MP: 3/10
  2984 | D:4      | Reached skill level 5 in Polearms
  3313 | D:4      | Noticed a steam dragon
  3322 | D:4      | Killed a steam dragon
  3341 | D:4      | Reached skill level 5 in Dodging
  3341 | D:4      | Reached XP level 8. HP: 14/58 MP: 8/12
  3356 | D:4      | HP: 2/58 [something (4)]
  3356 | D:4      | Slain by a sky beast

Illustrated notes

Levels and vault maps discovered:
D:1:      psy_arrival_fountain, layout_basic
D:2:      layout_rooms, serial_shops, shop_fountains, wad_floor_pattern_1,
          uniq_jessica
D:3:      layout_loops_ring, shapermc_ecumenical_altar_gd, uniq_grinder,
          uniq_sigmund
D:4:      layout_basic, serial_curves, eino_curves_04, eino_curves_01,
          minmay_bent

Skill      XL: |  1  2  3  4  5  6  7 |
---------------+----------------------+-----
Dodging        | 3 4 5 |  5.0
Fighting       | 1 2 3 |  3.2
Polearms       | 1 2 3 4 5 |  5.8
Ice Magic      | 5 6 |  6.5
Stealth        | 3 4 |  4.5
Spellcasting   | 3 |  3.0

Action                   |  1- 3 |  4- 6 |  7- 9 || total
-------------------------+-------+-------+-------++-------
Melee: Unarmed           |     2 |       |       ||     2
       Trident           |    14 |     3 |       ||    17
       Whip              |     2 |       |       ||     2
       Punch             |     1 |     1 |     1 ||     3
       Spear             |       |    63 |    65 ||   128
Throw: Boomerang         |       |       |     1 ||     1
 Cast: Freeze            |    26 |       |       ||    26
       Frozen Ramparts   |       |     6 |     6 ||    12
       Ozocubu's Armour  |       |     3 |     2 ||     5
  Use: Potion            |       |       |     4 ||     4
 Stab: Sleeping          |     1 |     2 |     3 ||     6
Armor: Robe              |     7 |    11 |     8 ||    26
       Skin              |       |       |    14 ||    14
Dodge: Dodged            |    22 |    33 |    30 ||    85

Table legend: (Time is in decaauts)
 A = Elapsed time spent in this place.
 B = Non-inter-level travel time spent in this place.
 C = Inter-level travel time spent in this place.
 D = Time resting spent in this place.
 E = Time spent auto-exploring this place.
 F = Levels seen in this place.
 G = Mean time per level.
                   A        B        C        D        E       F      G
               +--------+--------+--------+--------+--------+-----+--------+
         Total |   3352 |   3211 |    141 |     25 |   2632 |   4 |  838.0 |
       Dungeon |   3352 |   3211 |    141 |     25 |   2632 |   4 |  838.0 |
               +--------+--------+--------+--------+--------+-----+--------+

Top non-repeatable levels by time:
     D:1: 1014 daAuts
     D:4: 855 daAuts
     D:2: 792 daAuts
     D:3: 690 daAuts
